 Dungeon Crawl Stone Soup version 0.29.1-4-g47bece8355 (webtiles) character file.

Game seed: 12991512917456138011

88 FexLirch the Insei (level 5, -2/40 HPs)
             Began as a Meteoran Transmuter on Dec 7, 2022.
             Slain by Ijyb
             ... wielding a +0 dagger
              (5 damage)
             ... on level 4 of the Dungeon.
             The game lasted 00:10:45 (1250 turns).

FexLirch the Insei (Meteoran Transmuter)            Turns: 1250, Time: 00:10:46

Health: -2/40      AC:  2    Str: 12    XL:     5   Next: 10%
Magic:  6/10       EV: 20    Int: 16    God:
Gold:   98         SH:  0    Dex: 19    Spells: 3/9 levels left

rFire   . . .      SeeInvis .     - Unarmed
rCold   . . .      Faith    .   (shield currently unavailable)
rNeg    . . .      Spirit   .   (body armour currently unavailable)
rPois   x          Reflect  .   (helmet currently unavailable)
rElec   .          Harm     .   (cloak currently unavailable)
rCorr   +          Rampage  .   (gloves currently unavailable)
Will    .....                   (boots currently unavailable)
Stlth   +.........              (no amulet)
HPRegen 0.13/turn               l - ring of resist corrosion
MPRegen 0.12/turn               (no ring)

@: spider-form, wereblooded, glowing
A: venomous fangs, tiny, sense surroundings 1, otherworldly, glowing, explore
regen, (cold resistance 1), wild magic 1
a: End Transformation


You were on level 4 of the Dungeon.
You were a venomous arachnid creature.
You visited 1 branch of the dungeon, and saw 4 of its levels.

You collected 98 gold pieces.

Inventory:

Armour
 a - a +0 robe (melded)
 d - a +0 cloak (melded)
Jewellery
 l - a ring of resist corrosion (left front leg)
Scrolls
 c - 3 scrolls of identify {unknown}
 e - 3 scrolls of blinking {unknown}
 f - a scroll of fear {unknown}
 g - a scroll of acquirement {unknown}
 o - a scroll of enchant weapon {unknown}
 p - a scroll of noise {unknown}
 q - a scroll of torment {unknown}
Potions
 b - a potion of lignification
 h - a potion of invisibility {unknown}
 i - a potion of resistance {unknown}
 j - a potion of magic {unknown}
 k - a potion of mutation
 m - a potion of curing {unknown}
 n - a potion of degeneration {unknown}


   Skills:
 - Level 1.1 Fighting
 - Level 3.0 Dodging
 * Level 4.7 Unarmed Combat
 - Level 2.6 Spellcasting
 * Level 4.2 Transmutations
 + Level 0.6 Poison Magic


You had 3 spell levels left.
You knew the following spells:

 Your Spells              Type           Power      Damage    Failure   Level
a - Beastly Appendage     Tmut           40%        N/A       17%         1
b - Wereblood             Tmut           20%        N/A       22%         2
c - Spider Form           Tmut/Pois      12%        N/A       52%         3

Your spell library contained the following spells:

 Spells                   Type           Power      Damage    Failure   Level
 Passwall                 Tmut/Erth      9%         N/A       36%         2
 Ensorcelled Hibernation  Hex/Ice        4%         N/A       58%         2
 Call Canine Familiar     Summ           2%         N/A       78%         3
 Dazzling Flash           Conj/Hex       4%         N/A       78%         3
 Portal Projectile        Hex/Tloc       4%         N/A       78%         3
 Swiftness                Air            2%         N/A       78%         3
 Ice Form                 Ice/Tmut       11%        N/A       87%         4
 Leda's Liquefaction      Hex/Erth       1%         N/A       98%         4
 Agony                    Necr           2%         N/A       100%        5
 Silence                  Hex/Air        1%         N/A       100%        5


Dungeon Overview and Level Annotations

Branches:
Dungeon (4/15) Zot: 1153
 Temple: D:4-7

Altars:

Annotations:
D:4 Ijyb


Innate Abilities, Weirdness & Mutations

You are a venomous arachnid creature.
You have poisonous fangs.
You are tiny and dextrous.
Your spellcasting is less reliable in this form.
Your armour is entirely melded.
You are incapable of wielding weapons or throwing items.
You passively map a small area around you.
You are easily found by Zot.
You glow in the dark.
You regain HP and MP as you explore.
((Your flesh is cold resistant. (rC+)))
Your spells are a little harder to cast, but a little more powerful.


Message History

Ijyb the Twisted Goblin comes into view.
She is wielding a +0 dagger, wearing a +3 leather armour of fire resistance and carrying a wand of mindburst (14).
Ijyb shouts!
Press: ? - help, v - describe, . - travel
Here: Ijyb, wielding a +0 dagger, wearing a +3 leather armour of fire resistance and carrying a wand of mindburst (14)
The floor.
Unknown command.
Casting: Wereblood (safe; 5% risk of failure)
Confirm with . or Enter, or press ? or * to list all spells.
Okay, then.
Unknown command.
Unknown command.
Casting: Wereblood (safe; 5% risk of failure)
Confirm with . or Enter, or press ? or * to list all spells.
The spell is quite dangerous to miscast (22% risk of failure)!
Continue anyway?
You turn into a venomous arachnid creature.
Your +0 cloak melds into your body.
Your +0 robe melds into your body.
Casting: Spider Form (quite dangerous; 43% risk of failure)
Confirm with . or Enter, or press ? or * to list all spells.
Your blood is infused with primal strength.
Ijyb zaps a wand.
Your mind is blasted!
You hit Ijyb.
Ijyb is lightly wounded.
You hit Ijyb but do no damage.
Ijyb is poisoned.
Ijyb is lightly wounded.
Ijyb hits you with a +0 dagger.
You hit Ijyb but do no damage.
Ijyb looks as sick as possible!
Ijyb is moderately wounded.
Ijyb hits you but does no damage.
You barely miss Ijyb.
Ijyb is moderately wounded.
Ijyb hits you with a +0 dagger.
You hit Ijyb.
Ijyb is heavily wounded.
Ijyb zaps a wand.
Your mind is blasted!
* * * LOW HITPOINT WARNING * * *
Unknown command.
It was a potion of mutation.
You feel extremely strange.
You feel less in control of your magic.
You feel resistant to cold. Ijyb hits you with a +0 dagger.
You die...

#.# * #.# *
#.# , , #.#
* * , #.#
#.# ,* #g#
#s# ** *
#.# , #.# *
#########.#
,
.......<#.#
..........#
#######.###
, #.# * #.#


You could see Ijyb (extremely poisoned).

Vanquished Creatures
  2 adders
  3 worms (D:3)
  2 dart slugs
  6 ball pythons
  2 endoplasms
  A giant cockroach (D:3)
  7 goblins
  8 hobgoblins
  5 kobolds
  4 quokkas
  6 bats
  9 frilled lizards
  2 rats
57 creatures vanquished.

Vanquished Creatures (others)
  2 plants (D:3)
2 creatures vanquished.

Grand Total: 59 creatures vanquished

Notes
Turn   | Place    | Note
-------+----------+-------------------------------------------
     0 | D:1      | FexLirch the Meteoran Transmuter began the quest for the
                  | Orb.
     0 | D:1      | Reached XP level 1. HP: 16/16 MP: 5/5
    63 | D:1      | Reached XP level 2. HP: 18/23 MP: 4/6
   136 | D:1      | Learned a level 2 spell: Wereblood
   349 | D:1      | Reached XP level 3. HP: 28/28 MP: 8/8
   505 | D:2      | Found a faded altar of an unknown god.
   568 | D:2      | Reached XP level 4. HP: 31/35 MP: 9/9
   577 | D:2      | Learned a level 3 spell: Spider Form
  1043 | D:3      | Reached XP level 5. HP: 40/40 MP: 6/10
  1240 | D:4      | Noticed Ijyb
  1250 | D:4      | Gained mutation: Your spells are a little harder to cast,
                  | but a little more powerful. [potion of mutation]
  1250 | D:4      | Gained mutation: Your flesh is cold resistant. (rC+)
                  | [potion of mutation]
  1250 | D:4      | Slain by Ijyb

Illustrated notes

Levels and vault maps discovered:
D:1:      eino_arrival_tree_alley, layout_basic, kennysheep_small_spiral,
          minmay_lizard_pond
D:2:      layout_basic, shapermc_ecumenical_altar_starsandcircs
D:3:      layout_loops_cross, serial_bayou_pond_d, minmay_statues_item,
          serial_bayou_ford_a
D:4:      layout_loops_ring, uniq_edmund, uniq_ijyb

Skill      XL: |  1  2  3  4 |
---------------+-------------+-----
Dodging        | 3 |  3.0
Transmutations | 3 4 |  4.2
Unarmed Combat | 4 |  4.7
Fighting       | |  1.1
Spellcasting   | |  2.6
Poison Magic   | |  0.6

Action                   |  1- 3 |  4- 6 || total
-------------------------+-------+-------++-------
Melee: Unarmed           |    78 |    53 ||   131
       Kick              |    11 |    17 ||    28
       Headbutt          |     8 |     9 ||    17
       Punch             |     2 |     2 ||     4
 Cast: Beastly Appendage |    13 |    11 ||    24
       Wereblood         |     3 |    11 ||    14
       Spider Form       |       |     1 ||     1
  Use: Potion            |       |     1 ||     1
Armor: Robe              |    19 |     3 ||    22
       Skin              |       |     1 ||     1
Dodge: Dodged            |    45 |    18 ||    63
